 Dungeon Crawl Stone Soup version 0.29-a0-542-g075992c915 (webtiles) character file.

Game seed: 14236421057571728454

54308 dolemite99 the Executioner (level 14, -1/112 HPs)
             Began as a Minotaur Fighter on June 5, 2022.
             Was the Champion of Hepliaklqana.
             Slain by an eight-headed hydra (2 damage)
             ... on level 6 of the Lair of Beasts.
             The game lasted 00:21:12 (18181 turns).

dolemite99 the Executioner (Minotaur Fighter)      Turns: 18181, Time: 00:21:13

Health: -1/112     AC: 24    Str: 27    XL:     14   Next: 34%
Magic:  14/20      EV:  7    Int:  5    God:    Hepliaklqana [******]
Gold:   649        SH:  0    Dex: 11    Spells: 13/13 levels left

rFire   . . .      SeeInvis .   a - +9 executioner's axe "Wysolif" {speed, Str+2}
rCold   + . .      Faith    +   (shield currently unavailable)
rNeg    . . .      Spirit   .   K - +3 plate armour {rC+}
rPois   .          Reflect  .   (helmet restricted)
rElec   .          Harm     .   c - +0 cloak
rCorr   .          Rampage  +   w - +0 pair of gloves {infuse}
Will    +....                   H - +2 pair of boots {rampage}
Stlth   ..........              U - amulet of faith
HPRegen 0.28/turn               (no ring)
MPRegen 0.17/turn               (no ring)

@: lethally poisoned (-1 -> -3)
A: reduced essence, horns 2, retaliatory headbutt
a: Renounce Religion, Recall Ancestor, Ancestor Identity, Transference, Idealise


You were on level 6 of the Lair of Beasts.
You worshipped Hepliaklqana.
Hepliaklqana was exalted by your worship.
You visited 3 branches of the dungeon, and saw 18 of its levels.
You also visited: Sewer and Bailey.

You collected 1230 gold pieces.
You spent 581 gold pieces at shops.

Inventory:

Hand Weapons
 a - the +9 executioner's axe "Wysolif" (weapon) {speed, Str+2}
   (You acquired it on level 2 of the Lair of Beasts)

   Attacks with this weapon are significantly faster.
   Str:       It affects your strength (+2).
 d - a +1 spectral war axe
 E - the +4 morningstar "Fuhyukk" {vamp, *Slow rElec rF+}
   (You bought it in a shop on level 4 of the Dungeon)

   It occasionally heals its wielder for a portion of the damage dealt when it
   wounds a living foe.
   rF:        It protects you from fire.
   rElec:     It insulates you from electricity.
   *Slow:     It may slow you when you take damage.
 X - a +0 trident of venom
Missiles
 g - 5 throwing nets (quivered)
 o - 6 curare-tipped darts
 y - 61 poisoned darts
 W - 5 boomerangs
Armour
 c - a +0 cloak (worn)
 k - the +3 buckler of Beyond {rF+ Regen+ Str+4}
   (You acquired it on level 4 of the Dungeon)

   Str:       It affects your strength (+4).
   rF:        It protects you from fire.
   Regen:     It increases your rate of health regeneration.
 w - a +0 pair of gloves of infusion (worn)
 H - a +2 pair of boots of rampaging (worn)
 J - a +2 plate armour of poison resistance
 K - a +3 plate armour of cold resistance (worn)
 R - the +3 chain mail of Modesty {rElec Will+ Regen+ Dex-3}
   (You found it on level 5 of the Lair of Beasts)

   Dex:       It affects your dexterity (-3).
   rElec:     It insulates you from electricity.
   Regen:     It increases your rate of health regeneration.
   Will:      It increases your willpower.
 V - a +0 kite shield
Jewellery
 e - a ring of resist corrosion
 l - a ring of positive energy
 D - a ring of protection from cold
 G - a ring of wizardry
 O - an amulet of the acrobat
 U - an amulet of faith (around neck)
Wands
 b - a wand of polymorph (8)
 Q - a wand of mindburst (17)
 S - a wand of acid (9)
 Z - a wand of iceblast (5)
Scrolls
 f - 11 scrolls of teleportation
 h - 6 scrolls of fog
 r - a scroll of magic mapping
 t - 3 scrolls of enchant armour
 u - a scroll of enchant weapon
 L - a scroll of identify {@r1}
 M - 4 scrolls of vulnerability
 Y - 2 scrolls of amnesia
Potions
 i - a potion of heal wounds
 j - 8 potions of invisibility
 m - 8 potions of curing
 n - 2 potions of haste
 p - a potion of magic
 q - 2 potions of attraction
 s - 2 potions of ambrosia
 v - 5 potions of brilliance
 x - 2 potions of berserk rage
 z - 2 potions of mutation
 A - 2 potions of degeneration
 B - 2 potions of lignification {unknown}
 C - 4 potions of flight
 F - a potion of might
 N - a potion of resistance {unknown}
Miscellaneous
 I - a tin of tremorstones (inert)


   Skills:
 - Level 11.9 Fighting
 + Level 22.8(22.9) Axes
 - Level 4.1(15.6) Polearms
 - Level 10.3 Armour
 - Level 3.6 Shields
 - Level 9.6 Invocations


You had 13 spell levels left.
You didn't know any spells.
Your spell library contained the following spells:

 Spells                   Type           Power      Damage    Failure   Level
 Beastly Appendage        Tmut           0%         N/A       99%         1
 Freeze                   Ice            0%         1d3       99%         1
 Ensorcelled Hibernation  Hex/Ice        0%         N/A       100%        2
 Static Discharge         Conj/Air       0%         N/A       100%        2
 Wereblood                Tmut           0%         N/A       100%        2
 Frozen Ramparts          Ice            0%         1d2       100%        3
 Gell's Gravitas          Tloc           0%         N/A       100%        3
 Inner Flame              Hex/Fire       0%         N/A       100%        3
 Lesser Beckoning         Tloc           0%         N/A       100%        3
 Ozocubu's Armour         Ice            0%         N/A       100%        3
 Spider Form              Tmut/Pois      0%         N/A       100%        3
 Teleport Other           Tloc           0%         N/A       100%        3
 Airstrike                Air            0%         N/A       100%        4
 Anguish                  Hex/Necr       0%         N/A       100%        4
 Animate Armour           Summ/Erth      0%         N/A       100%        4
 Animate Dead             Necr           0%         N/A       100%        4
 Cause Fear               Hex            0%         N/A       100%        4
 Fulminant Prism          Conj/Hex       0%         3d6       100%        4
 Hailstorm                Conj/Ice       0%         3d3       100%        4
 Iskenderun's Mystic Bla  Conj/Tloc      0%         2d3       100%        4
 Passage of Golubria      Tloc           0%         N/A       100%        4
 Summon Lightning Spire   Summ/Air       0%         N/A       100%        4
 Blade Hands              Tmut           0%         N/A       100%        5
 Borgnjor's Vile Clutch   Necr/Erth      0%         N/A       100%        5
 Lee's Rapid Deconstruct  Erth           0%         3d5*      100%        5
 Lightning Bolt           Conj/Air       0%         1d11      100%        5
 Metabolic Englaciation   Hex/Ice        0%         N/A       100%        5
 Silence                  Hex/Air        0%         N/A       100%        5
 Summon Forest            Summ/Tloc      0%         N/A       100%        5
 Summon Mana Viper        Hex/Summ       0%         N/A       100%        5
 Death Channel            Necr           0%         N/A       100%        6
 Iron Shot                Conj/Erth      0%         9d1       100%        6
 Simulacrum               Ice/Necr       0%         N/A       100%        6
 Summon Cactus Giant      Summ           0%         N/A       100%        6
 Discord                  Hex            0%         N/A       100%        8
 Lehudib's Crystal Spear  Conj/Erth      0%         10d2      100%        8
 Maxwell's Capacitive Co  Air            0%         ∞         100%        8


Dungeon Overview and Level Annotations

Branches:
Dungeon (11/15)            Temple (1/1) D:5            Lair (6/6) D:10
  Swamp (0/4) Lair:3        Snake (0/4) Lair:2        Slime (0/5) Lair:6
    Orc (0/2) D:10          Sewer (visited)          Bailey (visited)

Altars:
Ashenzari
Cheibriados
Dithmenos
Elyvilon
Fedhas
Gozag
Hepliaklqana
Kikubaaqudgha
Makhleb
Nemelex Xobeh
Okawaru
Qazlal
Ru
Sif Muna
Trog
Uskayaw
Vehumet
Wu Jian
Xom
Yredelemnul
Zin
The Shining One
Jiyva

Shops:
D:4 ?[*

Annotations:
D:9 2 transporters, exclusion: oklob plant, Jackthecabe's ghost, novice OpTm
D:11 1 runed translucent door, om's ghost, journeyman TrBe
Lair:6 2 runed translucent doors


Innate Abilities, Weirdness & Mutations

Your life essence is reduced to manifest your ancestor. (-10% HP)
You have a pair of horns on your head.
You reflexively headbutt those who attack you in melee.


Message History

The lava snake spits lava at you. The glob of lava hits your basilisk.
You slice the steam dragon!!
You kill the steam dragon!
Really release a tremorstone near your basilisk and komodo dragon?
The tremorstone explodes into fragments!
The burst of rock shards engulfs your basilisk!!
The burst of rock shards engulfs the fire crab.
The burst of rock shards engulfs the eight-headed hydra!!
The burst of rock shards engulfs your komodo dragon!
The burst of rock shards engulfs you.
Your komodo dragon dissolves into shadows!
Your basilisk dissolves into shadows!
You feel sick.
You hear a deafening roar!
The eight-headed hydra bites you but does no damage. x2
The eight-headed hydra bites you! The eight-headed hydra bites you. x2
The eight-headed hydra barely misses you.
The eight-headed hydra bites you.
The eight-headed hydra bites you but does no damage.
The tremorstone explodes into fragments!
The burst of rock shards engulfs the eight-headed hydra!!
The burst of rock shards engulfs the fire crab.
The burst of rock shards engulfs you but does no damage.
The tin is emptied!
You feel sick. The fire crab bites you.
You are engulfed in flames!
* * * LOW HITPOINT WARNING * * *
The fire crab claws you.
* * * LOW HITPOINT WARNING * * *
You are engulfed in flames!
* * * LOW HITPOINT WARNING * * *
The eight-headed hydra bites you but does no damage.
The eight-headed hydra barely misses you. x2
The eight-headed hydra bites you.
* * * LOW HITPOINT WARNING * * *
The eight-headed hydra barely misses you.
The eight-headed hydra bites you.
* * * LOW HITPOINT WARNING * * *
The eight-headed hydra bites you.
You die...

.#.... #.... ..... .....
## #.... #≈§S #....
§≈S.# #.... ≈....######
≈# #.... ......#@#8# ≈#
#.... #.....Dt.## ≈#§#
#.... ........)8##≈§§#
#.... .........##§≈≈#
..... ..........#§≈#
#.... ........#.≈§###
#....
........#..##8#######...
##..S..###..#..8#.# #...
##§§..≈§.≈......## ###.


You could see an eight-headed hydra, a fire crab and a lava snake (catching
breath).

Vanquished Creatures
  Snorg (D:11)
  Harold (Lair:1)
  6 hydras
  A catoblepas (Lair:6)
  5 death yaks (Lair:6)
  A two-headed ogre (D:11)
  A deep elf pyromancer (D:11)
  12 elephants
  Joseph (D:7)
  4 black mambas
  2 gargoyles (D:11)
  A molten gargoyle (Lair:6)
  9 cane toads
  2 rime drakes
  Psyche (D:10)
  2 kobold demonologists
  5 komodo dragons
  2 polar bears
  4 trolls
  14 blink frogs
  4 slime creatures (D:11)
  3 wyverns
  3 wraiths
  26 yaks
  3 fire bats (Lair:2)
  4 basilisks
  4 steam dragons
  6 water moccasins
  4 hell hounds (Lair:6)
  2 acid dragons
  Duvessa (D:7)
  8 orc warriors
  A black bear (D:4)
  2 sky beasts
  2 ogres
  11 wolves
  A centaur (D:10)
  A phantom (D:5)
  7 kobold brigands
  9 bullfrogs
  A necrophage (D:3)
  3 gnoll sergeants
  2 scorpions
  2 wights (D:8)
  9 killer bees
  8 vampire bats (Bailey)
  2 howler monkeys (D:9)
  6 wolf zombies (Bailey)
  4 electric eels
  4 hounds
  3 jellies
  3 orc priests
  4 iguanas
  Terence (D:2)
  4 orc wizards
  7 hell rats (Lair:6)
  Robin (D:2)
  18 gnolls
  10 adders
  5 river rats
  3 white imps
  4 worms
  13 orcs
  12 ball pythons
  2 bats
  9 endoplasms
  4 giant cockroaches
  25 goblins
  15 hobgoblins
  2 jackals (D:3)
  54 kobolds
  5 quokkas
  2 frilled lizards
  15 orc zombies (Bailey)
  8 rats
447 creatures vanquished.

Vanquished Creatures (collateral kills)
  A hydra (Lair:1)
  2 two-headed ogres (D:10)
  A bog body (Lair:3)
  3 black mambas (Lair:6)
  2 cane toads
  8 elephants
  A molten gargoyle (Lair:6)
  A guardian serpent (Lair:2)
  An unseen horror (D:11)
  A gargoyle (Bailey)
  2 polar bears
  A troll (D:10)
  A dream sheep (Lair:5)
  6 blink frogs
  2 vampires
  A wyvern (Lair:6)
  11 yaks
  3 basilisks
  A swamp worm (Lair:3)
  An acid dragon (D:9)
  A hell hound (Lair:6)
  5 water moccasins
  An ice beast (D:8)
  2 ogres
  2 wolves
  A centaur (D:7)
  7 kobold brigands
  8 bullfrogs
  A necrophage (D:6)
  3 wights (D:8)
  Dowan (D:7)
  5 killer bees
  3 electric eels
  2 howler monkeys
  3 lava snakes
  An orc wizard (D:8)
  4 gnolls
  An orc zombie (Bailey)
  8 orcs
  10 kobolds
119 creatures vanquished.

Vanquished Creatures (others)
  9 battlemagi
  An ancestor (D:6)
  19 fungi
  10 plants
39 creatures vanquished.

Grand Total: 605 creatures vanquished

Notes
Turn   | Place    | Note
-------+----------+-------------------------------------------
     0 | D:1      | dolemite99 the Minotaur Fighter began the quest for the
                  | Orb.
     0 | D:1      | Reached XP level 1. HP: 19/19 MP: 0/0
   131 | D:1      | Reached skill level 3 in Axes
   155 | D:1      | Reached XP level 2. HP: 24/26 MP: 1/1
   475 | D:1      | Reached skill level 4 in Axes
   571 | D:1      | Reached XP level 3. HP: 29/31 MP: 2/2
   634 | D:1      | Found a faded altar of an unknown god.
  1007 | D:2      | Reached skill level 5 in Axes
  1030 | D:2      | Noticed Robin
  1059 | D:1      | Reached XP level 4. HP: 22/39 MP: 3/3
  1278 | D:2      | Killed Robin
  1424 | D:2      | Noticed Terence
  1430 | D:2      | Killed Terence
  1431 | D:2      | Reached skill level 1 in Polearms
  1724 | D:3      | Reached XP level 5. HP: 44/45 MP: 4/4
  2308 | D:4      | Found Agry's Assorted Antiques.
  2309 | D:4      | Noticed a black bear
  2317 | D:4      | Killed a black bear
  2318 | D:4      | Reached skill level 6 in Axes
  2318 | D:4      | Reached XP level 6. HP: 49/51 MP: 5/5
  2350 | D:4      | Identified a scroll of acquirement
  2350 | D:4      | Acquired the +3 buckler of Beyond {rF+ Regen+ Str+4}
  2364 | D:4      | Bought a diamond ring for 145 gold pieces
  2370 | D:4      | Found a glowing drain.
  2383 | Sewer    | Entered a sewer
  2396 | Sewer    | Reached skill level 7 in Axes
  2567 | Sewer    | Reached skill level 8 in Axes
  2567 | Sewer    | Reached XP level 7. HP: 50/57 MP: 6/6
  2845 | D:4      | Found Usokhuif's Armour Emporium.
  2894 | D:4      | Reached skill level 9 in Axes
  2910 | D:4      | Found Dairol's Magic Scroll Shop.
  2942 | D:4      | Bought a scroll of teleportation for 42 gold pieces
  2979 | D:4      | Noticed a yak
  3034 | D:4      | Found a sparkling altar of Nemelex Xobeh.
  3200 | D:5      | Entered Level 5 of the Dungeon
  3201 | D:5      | Found a staircase to the Ecumenical Temple.
  3223 | Temple   | Entered the Ecumenical Temple
  3359 | Temple   | Became a worshipper of Hepliaklqana the Forgotten
  3378 | D:5      | Reached skill level 10 in Axes
  3550 | D:5      | Noticed a wraith
  3556 | D:5      | Killed a wraith
  3557 | D:5      | Reached XP level 8. HP: 64/64 MP: 7/7
  3867 | D:5      | Reached skill level 11 in Axes
  4096 | D:5      | Reached * piety under Hepliaklqana
  4570 | D:6      | Reached skill level 12 in Axes
  4993 | D:6      | Reached skill level 13 in Axes
  5235 | D:4      | Bought an iridescent morningstar for 261 gold pieces
  5235 | D:4      | Identified the +4 morningstar "Fuhyukk" {vamp, *Slow rElec
                  | rF+} (You bought it in a shop on level 4 of the Dungeon)
  5347 | D:7      | Noticed Joseph
  5387 | D:7      | Killed Joseph
  5388 | D:7      | Reached XP level 9. HP: 53/63 MP: 8/8
  5812 | D:7      | Found a flagged portal.
  5837 | Bailey   | Entered a bailey
  5935 | Bailey   | Reached skill level 14 in Axes
  6085 | Bailey   | Reached ** piety under Hepliaklqana
  6085 | Bailey   | Noticed a gargoyle
  6088 | Bailey   | Remembered your ancestor Xiuhtonal as a battlemage
  6093 | Bailey   | Killed a gargoyle
  6094 | Bailey   | Reached skill level 15 in Axes
  6760 | D:7      | Reached skill level 16 in Axes
  6830 | D:7      | Noticed Duvessa
  6837 | D:7      | Killed Duvessa
  6838 | D:7      | Reached XP level 10. HP: 69/69 MP: 9/9
  6838 | D:7      | Noticed Dowan
  6839 | D:7      | Killed Dowan
  7344 | D:4      | Bought a scroll of fear for 49 gold pieces
  7344 | D:4      | Bought a scroll of identify for 28 gold pieces
  7344 | D:4      | Bought a scroll of identify for 28 gold pieces
  7344 | D:4      | Bought a scroll of identify for 28 gold pieces
  7572 | D:8      | Reached skill level 17 in Axes
  8295 | D:9      | Reached skill level 18 in Axes
  8458 | D:9      | Found a shadowy altar of Dithmenos.
  8601 | D:9      | Found a hide-covered altar of Uskayaw.
  8633 | D:9      | Found a transporter.
  8635 | D:9      | Noticed an oklob plant
  8638 | D:9      | Noticed Jackthecabe's ghost (novice OpTm)
  8639 | D:9      | Noticed a two-headed ogre
  8648 | D:9      | Noticed a wizard
  8665 | D:9      | Found a transporter.
  8691 | D:9      | Noticed a cyclops
  8692 | D:9      | Reached skill level 19 in Axes
  8982 | D:10     | Entered Level 10 of the Dungeon
  9021 | D:10     | Noticed a two-headed ogre
  9027 | D:10     | Killed a two-headed ogre
  9028 | D:10     | Reached XP level 11. HP: 65/73 MP: 10/10
  9412 | D:10     | Reached *** piety under Hepliaklqana
  9417 | D:10     | Found a staircase to the Lair.
  9523 | D:10     | Reached skill level 20 in Axes
  9564 | D:10     | Found a staircase to the Orcish Mines.
  9800 | D:10     | Noticed a two-headed ogre
  9810 | D:10     | Killed a two-headed ogre
 10126 | D:10     | Noticed Psyche
 10142 | D:10     | Killed Psyche
 10570 | D:10     | Found a burning altar of Makhleb.
 10666 | D:11     | Reached skill level 21 in Axes
 10712 | D:11     | Found a runed translucent door.
 10712 | D:11     | Noticed om's ghost (journeyman TrBe)
 10788 | D:11     | Reached **** piety under Hepliaklqana
 10879 | D:11     | Noticed a deep elf pyromancer
 10882 | D:11     | Killed a deep elf pyromancer
 10953 | D:11     | Noticed Snorg
 10964 | D:11     | Killed Snorg
 10965 | D:11     | Reached skill level 5 in Fighting
 11153 | D:11     | Reached XP level 12. HP: 73/86 MP: 11/11
 11589 | D:11     | Noticed a two-headed ogre
 11592 | D:11     | Killed a two-headed ogre
 11732 | Lair:1   | Entered Level 1 of the Lair of Beasts
 11799 | Lair:1   | Noticed Harold
 11809 | Lair:1   | Killed Harold
 11881 | Lair:1   | Noticed a four-headed hydra
 11885 | Lair:1   | Killed a four-headed hydra
 11886 | Lair:1   | Reached skill level 10 in Fighting
 12487 | Lair:2   | Acquired the +9 executioner's axe "Wysolif" {speed, Str+2}
 12539 | Lair:2   | Reached ***** piety under Hepliaklqana
 12667 | Lair:2   | Found a staircase to the Snake Pit.
 12873 | Lair:2   | Reached skill level 5 in Armour
 13003 | Lair:2   | Found a dark tunnel.
 13394 | Lair:3   | Reached XP level 13. HP: 90/105 MP: 12/12
 13651 | Lair:3   | Reached skill level 10 in Armour
 13780 | Lair:3   | Reached skill level 1 in Invocations
 13871 | Lair:3   | Found a staircase to the Swamp.
 14524 | Lair:4   | Reached skill level 5 in Invocations
 15583 | Lair:4   | Reached ****** piety under Hepliaklqana
 16760 | Lair:5   | Identified the +3 chain mail of Modesty {rElec Will+ Regen+
                  | Dex-3}
 16770 | Lair:6   | Entered Level 6 of the Lair of Beasts
 17158 | Lair:6   | Reached XP level 14. HP: 112/112 MP: 20/20
 17308 | Lair:6   | Found a staircase to the Slime Pits.
 17308 | Lair:6   | Found a viscous altar of Jiyva.
 17331 | Lair:6   | Reached skill level 22 in Axes
 18152 | Lair:6   | Found a large runed translucent door.
 18153 | Lair:6   | Found a large runed translucent door.
 18181 | Lair:6   | HP: 4/112 [fire crab (14)]
 18181 | Lair:6   | HP: 1/112 [eight-headed hydra (1)]
 18181 | Lair:6   | Slain by an eight-headed hydra

Illustrated notes

Levels and vault maps discovered:
D:1:      co_arrival_square_in_a_square_in_a_square, layout_loops_ring,
          chequers_ecumenical_altar_lobes
D:2:      layout_rooms, uniq_robin, uniq_terence
D:3:      layout_rooms, kennysheep_potato
D:4:      layout_basic, kennysheep_mini_moat, portal_sewer_entry_b,
          nicolae_ossuary_entry_monument, serial_shops,
          nicolae_shop_behind_doors, shop, shop, lightli_corner_chamber
D:5:      minmay_goblin_kobold_castle, layout_layer_cave,
          minmay_temple_entry_slanted
D:6:      layout_basic, grunt_decor_one_mirror, nicolae_benzene_ring
D:7:      layout_basic, enter_bailey_5, serial_bayou_pond_a, uniq_joseph,
          uniq_duvessa
D:8:      layout_cave_pools
D:9:      layout_basic, mainiacjoe_overflow_alcove_1, nicolae_uskayaw_suspiria,
          nzn_ghost_randoct
D:10:     layout_stronghold, lightli_temple_of_fire, erik_lair_island,
          kennysheep_orc_monster_closet_entryway, serial_column_ruins,
          column_ruins_grid_1, column_ruins_corridor_straight,
          column_ruins_grid_3, column_ruins_open_large, column_ruins_grid_1,
          column_ruins_grid_1, uniq_psyche
D:11:     layout_gridville, hellmonk_ghost_happy_afterlife, uniq_snorg
Temple:   mainiacjoe_temple_coin_purse
Lair:1:   layout_misc_corridors, grunt_megastairs_4, uniq_harold
Lair:2:   layout_chaotic_city, minmay_snake_entry_spellcaster,
          nicolae_volcano_entry_batcave, minivault_24
Lair:3:   layout_small_grid, nicolae_swamp_entry_splash_gauntlet,
          patterned_corridor, infiniplex_staircase_pool_2
Lair:4:   layout_small_grid, disabler_island
Lair:5:   layout_misc_corridors, beast_lair_carwin_11
Lair:6:   cheibrodos_lair_end_hotspot, layout_big_grid, slime_altar_1

Skill      XL: |  1  2  3  4  5  6  7  8  9 10 11 12 13 14 |
---------------+-------------------------------------------+-----
Axes           | 3 4 5 6 8 10 13 16 19 21 22 | 22.8
Polearms       | 2 4 |  4.1
Fighting       | 6 11 | 11.9
Armour         | 8 10 | 10.3
Invocations    | 9 |  9.6
Shields        | |  3.6

Action                   |  1- 3 |  4- 6 |  7- 9 | 10-12 | 13-15 || total
-------------------------+-------+-------+-------+-------+-------++-------
Melee: War axe           |    68 |    37 |   160 |   243 |       ||   508
       Headbutt          |    13 |     7 |    32 |    69 |    34 ||   155
       Trident           |       |    41 |       |       |       ||    41
       Executioner's axe |       |       |       |    35 |   193 ||   228
       Morningstar       |       |       |       |       |    10 ||    10
Throw: Boomerang         |    11 |    63 |       |       |       ||    74
       Dart              |       |     1 |    22 |     6 |       ||    29
       Javelin           |       |       |    41 |    26 |    13 ||    80
       Throwing net      |       |       |       |     1 |       ||     1
Invok: Recall Ancestor   |       |       |     1 |       |     1 ||     2
       Ancestor Life: Ba |       |       |     1 |       |       ||     1
       Idealise          |       |       |       |       |     2 ||     2
Evoke: Tin of tremorston |       |       |       |     2 |     2 ||     4
       Wand              |       |       |       |       |    48 ||    48
  Use: Potion            |       |     1 |       |     1 |     3 ||     5
       Scroll            |       |     9 |     1 |     9 |    14 ||    33
 Stab: Distracted        |       |       |     1 |     6 |     5 ||    12
       Petrified         |       |       |       |       |     3 ||     3
Armor: Scale mail        |    37 |    11 |       |       |       ||    48
       Chain mail        |       |    11 |    67 |       |       ||    78
       Plate armour      |       |       |     9 |   129 |   158 ||   296
Dodge: Dodged            |    37 |    27 |    58 |    73 |    79 ||   274
Block: Buckler           |    20 |    20 |    58 |    88 |       ||   186

Table legend: (Time is in decaauts)
 A = Elapsed time spent in this place.
 B = Non-inter-level travel time spent in this place.
 C = Inter-level travel time spent in this place.
 D = Time resting spent in this place.
 E = Time spent auto-exploring this place.
 F = Levels seen in this place.
 G = Mean time per level.
                   A        B        C        D        E       F      G
               +--------+--------+--------+--------+--------+-----+--------+
         Total |  18209 |  17260 |    949 |   3409 |  10352 |  20 |  910.5 |
       Dungeon |  10463 |   9665 |    798 |   1379 |   6088 |  11 |  951.2 |
        Temple |    146 |    121 |     25 |      0 |    102 |   1 |  146.0 |
          Lair |   6348 |   6223 |    125 |   1555 |   3797 |   6 | 1058.0 |
         Sewer |    426 |    426 |      0 |     13 |    202 |   1 |  426.0 |
        Bailey |    824 |    824 |      0 |    462 |    161 |   1 |  824.0 |
               +--------+--------+--------+--------+--------+-----+--------+

Top non-repeatable levels by time:
    D:10: 1613 daAuts
  Lair:6: 1373 daAuts
  Lair:4: 1329 daAuts
  Lair:3: 1249 daAuts
     D:5: 1236 daAuts
     D:7: 1186 daAuts
     D:1: 1042 daAuts
     D:9: 977 daAuts
  Lair:5: 939 daAuts
    D:11: 902 daAuts
  Bailey: 824 daAuts
  Lair:2: 815 daAuts
     D:4: 804 daAuts
     D:6: 755 daAuts
     D:8: 694 daAuts
